 Dungeon Crawl Stone Soup version 0.22.1-1-ga44c0e5 (webtiles) character file.

748 Folque the Firebug (level 7, 0/50 HPs)
             Began as a Demonspawn Fire Elementalist on Oct 20, 2018.
             Slain by an iguana (5 damage)
             ... on level 6 of the Dungeon.
             The game lasted 00:16:26 (3656 turns).

Folque the Firebug (Demonspawn Fire Elementalist)   Turns: 3656, Time: 00:16:27

Health: 0/50       AC:  4    Str:  9    XL:     7   Next: 48%
Magic:  10/13      EV: 12    Int: 18    God:
Gold:   94         SH:  0    Dex: 13    Spells: 2/14 levels left

rFire    . . .     SeeInvis .   v - +1 rapier
rCold    . . .     Gourm    .   (no shield)
rNeg     . . .     Faith    .   a - +0 robe
rPois    .         Spirit   .   (no helmet)
rElec    .         Reflect  .   (no cloak)
rCorr    .         Harm     .   (no gloves)
MR       .....                  w - +1 pair of boots
Stlth    +.........             (no amulet)
HPRegen  0.16/turn              j - ring of wizardry
MPRegen  0.13/turn              (no ring)

@: confused, very slightly contaminated
A: large bone plates 1
a: no special abilities


You were on level 6 of the Dungeon.
You were hungry.

You visited 2 branches of the dungeon, and saw 6 of its levels.

You collected 94 gold pieces.

Inventory:

Hand Weapons
 d - a +0 dagger
 g - a cursed -1 flail
 v - a +1 rapier (weapon)
Armour
 a - a +0 robe (worn)
 w - a +1 pair of boots (worn)
Jewellery
 j - a ring of wizardry (left hand)
Wands
 o - a wand of scattershot (6)
 p - a wand of disintegration (18)
Scrolls
 h - a scroll of teleportation
 i - a scroll of remove curse
 l - 2 scrolls of magic mapping
 t - a scroll of amnesia
 x - 2 scrolls of enchant armour
Potions
 e - a potion of resistance {unknown}
 k - a potion of ambrosia
 m - 2 potions of brilliance
 n - 2 potions of magic {unknown}
 s - a potion of agility {unknown}
 u - a potion of mutation
Comestibles
 c - 7 rations


   Skills:
 + Level 2.3 Fighting
 - Level 2.0 Dodging
 - Level 1.7 Stealth
 - Level 4.2 Spellcasting
 * Level 3.7 Conjurations
 - Level 2.1 Hexes
 + Level 5.1 Fire Magic


You had 2 spell levels left.
You knew the following spells:

 Your Spells              Type           Power        Failure   Level  Hunger
a - Flame Tongue          Conj/Fire      ###..        1%          1    None
b - Conjure Flame         Conj/Fire      ###.....     2%          3    ###....
c - Inner Flame           Hex/Fire       ###.....     4%          3    ###....
d - Fireball              Conj/Fire      ###.......   26%         5    ######.

Your spell library contained the following spells:

 Spells                   Type           Power        Failure   Level  Hunger
 Throw Flame              Conj/Fire      ###...       1%          2    ##.....
 Sticky Flame             Conj/Fire      ###.....     9%          4    ####...


Dungeon Overview and Level Annotations

Branches:
Dungeon (6/15)             Temple (1/1) D:4

Altars:
Ashenzari
Cheibriados
Dithmenos
Elyvilon
Fedhas
Gozag
Hepliaklqana
Kikubaaqudgha
Nemelex Xobeh
Okawaru
Qazlal
Ru
Wu Jian
Xom
Yredelemnul

Shops:
D:4 }}}?

Annotations:
D:5 exclusion: 3 electric eels


Innate Abilities, Weirdness & Mutations

You are partially covered in large bone plates. (SH +4)


Message History

The centaur is almost dead.
The centaur closely misses you. The centaur barely misses you.
You closely miss the centaur.
The centaur is severely wounded.
The centaur hits you!
* * * LOW HITPOINT WARNING * * *
The centaur hits you.
* * * LOW HITPOINT WARNING * * *
The eye of draining gazes at you.
You feel your power leaking away. The iguana barely misses you.
It was a potion of ambrosia.
You are confused.
You feel invigorated. The centaur closely misses you. The iguana bites you!
* * * LOW HITPOINT WARNING * * *
You bump into the rock wall.
The centaur hits you.
* * * LOW HITPOINT WARNING * * *
The centaur hits you but does no damage.
The iguana bites you.
You die...

#+##.....#########
.........#
.........#
.........#
.........#
.........#
+###.....# #....(#
#....@# #...lc#
#.....#
#....G###+####.
#.....(........
........((...c...
..................
..................
..................


You could see an eye of draining, a centaur and an iguana.

Vanquished Creatures
  An ice beast (D:5)
  A phantom (D:4)
  A sky beast (D:5)
  2 scorpions
  A howler monkey (D:4)
  A centaur zombie (D:4)
  2 hounds
  2 orc wizards (D:4)
  An iguana (D:5)
  3 worker ants
  A hound skeleton (D:5)
  An adder (D:2)
  An adder zombie (D:5)
  2 worms (D:4)
  A dart slug (D:1)
  2 leopard geckos (D:1)
  8 orcs
  7 bats
  4 giant cockroaches (D:1)
  7 goblins
  5 hobgoblins
  2 ball pythons (D:1)
  10 frilled lizards (D:1)
  3 kobolds (D:1)
  4 rats
73 creatures vanquished.

Vanquished Creatures (others)
  2 plants (D:5)
2 creatures vanquished.

Grand Total: 75 creatures vanquished

Notes
Turn   | Place    | Note
-------+----------+-------------------------------------------
     0 | D:1      | Folque the Demonspawn Fire Elementalist began the quest for
                  | the Orb.
     0 | D:1      | Reached XP level 1. HP: 13/13 MP: 3/3
   323 | D:1      | Reached skill level 3 in Fire Magic
   323 | D:1      | Gained mutation: You are partially covered in large bone
                  | plates. (SH +4) [demonic ancestry]
   323 | D:1      | Reached XP level 2. HP: 19/19 MP: 3/5
   537 | D:1      | Reached XP level 3. HP: 5/24 MP: 0/6
  1507 | D:2      | Learned a level 3 spell: Conjure Flame
  1511 | D:2      | Learned a level 3 spell: Inner Flame
  1564 | D:2      | Found a sparkling altar of Nemelex Xobeh.
  1596 | D:2      | You fall through a shaft for 2 floors!
  1596 | D:4      | Found Vymeut's Magic Scroll Shoppe.
  1596 | D:4      | Found Ubbed's Gadget Emporium.
  1601 | D:4      | Reached XP level 4. HP: 25/30 MP: 4/8
  1892 | D:4      | Found Xoniged's Gadget Shop.
  1908 | D:4      | Found a staircase to the Ecumenical Temple.
  1916 | D:4      | Reached skill level 1 in Hexes
  1927 | D:4      | Reached XP level 5. HP: 30/35 MP: 0/9
  1973 | Temple   | Entered the Ecumenical Temple
  2240 | D:4      | Found an ornate altar of the Wu Jian Council.
  2363 | D:4      | Reached skill level 4 in Fire Magic
  2407 | D:4      | Noticed a phantom
  2410 | D:4      | Reached XP level 6. HP: 32/41 MP: 2/11
  2460 | D:4      | Learned a level 5 spell: Fireball
  2754 | D:4      | Found Ytikaitz's Gadget Emporium.
  2911 | D:4      | Found a shadowy altar of Dithmenos.
  3000 | D:5      | Entered Level 5 of the Dungeon
  3126 | D:5      | Noticed an ice beast
  3137 | D:5      | Killed an ice beast
  3137 | D:5      | Reached skill level 1 in Fighting
  3137 | D:5      | Reached XP level 7. HP: 17/48 MP: 4/13
  3410 | D:5      | Reached skill level 5 in Fire Magic
  3656 | D:6      | Slain by an iguana

Skill      XL: |  1  2  3  4  5  6  7 |
---------------+----------------------+-----
Fire Magic     | 3 4 5 |  5.1
Conjurations   | 2 3 |  3.7
Dodging        | 2 |  2.0
Spellcasting   | 3 4 |  4.2
Hexes          | 1 2 |  2.1
Fighting       | 1 2 |  2.3
Stealth        | |  1.7

Action                   |  1- 3 |  4- 6 |  7- 9 || total
-------------------------+-------+-------+-------++-------
Melee: Dagger            |   137 |    35 |       ||   172
       Unarmed           |     2 |       |       ||     2
       Rapier            |       |     7 |     9 ||    16
 Cast: Flame Tongue      |    31 |    57 |    27 ||   115
       Conjure Flame     |       |     1 |     1 ||     2
       Inner Flame       |       |     1 |       ||     1
       Fireball          |       |       |     1 ||     1
  Use: Scroll            |       |       |    12 ||    12
       Potion            |       |       |     1 ||     1
 Stab: Sleeping          |     6 |     1 |     1 ||     8
  Eat: Chunk             |     3 |     3 |       ||     6
       Ration            |       |       |     1 ||     1
Armor: Robe              |    31 |     4 |     3 ||    38
Dodge: Dodged            |    83 |    20 |    13 ||   116
Block: Other             |    17 |    13 |     5 ||    35
